 Dungeon Crawl Stone Soup version 0.29-a0-352-g0917bc69df (webtiles) character file.

Game seed: 2913823036633262357

13514 Leibowitz the Cleaver (level 11, -2/84 (93) HPs)
             Began as a Demigod Fighter on Apr 23, 2022.
             Slain by an orc knight
             ... wielding a +1 battleaxe of draining
              (13 damage)
             ... on level 9 of the Dungeon.
             The game lasted 00:31:43 (14428 turns).

Leibowitz the Cleaver (Demigod Fighter)            Turns: 14428, Time: 00:31:43

HP:   -2/84 (93)    AC: 26    Str: 29    XL:     11   Next: 48%
MP:   9/14          EV: 10    Int: 10    God:
Gold: 505           SH:  0    Dex: 13    Spells: 10/10 levels left

rFire   . . .      SeeInvis .   a - +4 battleaxe (freeze)
rCold   . . .      Faith    .   (shield currently unavailable)
rNeg    . . .      Spirit   .   q - +0 plate armour
rPois   +          Reflect  .   e - +2 hat
rElec   .          Harm     .   i - +2 cloak
rCorr   .          Rampage  .   I - +1 pair of gloves {infuse}
Will    +....                   p - +0 pair of boots
Stlth   ..........              (no amulet)
HPRegen 0.24/turn               l - +4 ring of protection
MPRegen 0.14/turn               C - ring of poison resistance

@: drained
A: high MP 1, forlorn, divine attributes
a: no special abilities


You were on level 9 of the Dungeon.
You visited 3 branches of the dungeon, and saw 13 of its levels.

You collected 505 gold pieces.

Inventory:

Hand Weapons
 a - a +4 battleaxe of freezing (weapon)
 K - a +3 scimitar of flaming
Missiles
 t - 3 throwing nets (quivered)
Armour
 e - a +2 hat (worn)
 i - a +2 cloak (worn)
 p - a +0 pair of boots (worn)
 q - a +0 plate armour (worn)
 I - a +1 pair of gloves of infusion (worn)
Jewellery
 l - a +4 ring of protection (left hand)
 s - a ring of flight
 C - a ring of poison resistance (right hand)
Wands
 d - a wand of paralysis (14)
 u - a wand of digging (8)
 A - a wand of acid (8)
 B - a wand of charming (7)
 F - a wand of mindburst (3)
 G - a wand of flame (26)
Scrolls
 c - 2 scrolls of amnesia {unknown}
 f - 9 scrolls of identify {unknown}
 g - 3 scrolls of teleportation {unknown}
 h - 2 scrolls of magic mapping {unknown}
 k - a scroll of silence {unknown}
 m - 3 scrolls of noise {unknown}
 o - 3 scrolls of enchant armour {unknown}
 r - 2 scrolls of brand weapon {unknown}
 y - 2 scrolls of vulnerability {unknown}
 z - 4 scrolls of fear {unknown}
 E - 4 scrolls of immolation {unknown}
Potions
 j - 2 potions of curing
 n - 2 potions of lignification
 v - a potion of cancellation {unknown}
 w - a potion of brilliance {unknown}
 x - 4 potions of degeneration {unknown}
 D - a potion of experience {unknown}
 H - 3 potions of flight {unknown}
 J - a potion of resistance {unknown}
 L - a potion of berserk rage {unknown}


   Skills:
 * Level 7.7 Fighting
 + Level 0.4 Long Blades
 * Level 12.7 Axes
 * Level 8.4 Armour
 * Level 5.8 Dodging
 - Level 2.6 Shields


You had 10 spell levels left.
You didn't know any spells.
Your spell library contained the following spells:

 Spells                   Type           Power      Damage    Failure   Level
 Pain                     Necr           0%         1d4       97%         1
 Summon Small Mammal      Summ           0%         N/A       97%         1
 Call Canine Familiar     Summ           0%         N/A       100%        3
 Inner Flame              Hex/Fire       0%         N/A       100%        3
 Summon Guardian Golem    Hex/Summ       0%         N/A       100%        3
 Cause Fear               Hex            0%         N/A       100%        4
 Agony                    Necr           0%         N/A       100%        5
 Excruciating Wounds      Necr           0%         N/A       100%        5
 Discord                  Hex            0%         N/A       100%        8


Dungeon Overview and Level Annotations

Branches:
Dungeon (11/15)            Temple (1/1) D:6            Lair (0/6) D:10
    Orc (1/2) D:9

Shops:
D:6 [   D:10 =

Annotations:
D:8 3 runed translucent doors, LetschGu's ghost, novice SpAK; Majang's ghost, novice TeGl; Sekuso's ghost, novice FoAr; Zigma's ghost, journeyman OpTm; flestrin's ghost, journeyman TeCj
D:11 3 runed translucent doors


Innate Abilities, Weirdness & Mutations

You have an increased reservoir of magic. (+10% MP)
You shall have no god before yourself.
Your divine heritage dramatically boosts your attributes as you level up.


Message History

The orc knight roars a battlecry!
The orc warriors go into a battle-frenzy!
You barely miss the troll. The troll barely misses you.
The troll claws you but does no damage. The troll barely misses you.
The orc knight hits you but does no damage.
HP restored.
You feel drained. The troll misses you. The troll claws you but does no damage.
The troll claws you!
You climb upwards.
Welcome back to the Dungeon!
There is a staircase to the Orcish Mines here.
You hit the orc knight. You freeze the orc knight.
The orc knight is lightly wounded.
You completely miss the troll. The troll bites you but does no damage.
The troll barely misses you. The troll claws you but does no damage.
The orc knight barely misses you.
You barely miss the orc knight.
The orc knight is lightly wounded.
You slice the troll!! You freeze the troll! The troll bites you.
The troll claws you but does no damage. x2
The orc knight hits you with a +1 battleaxe of draining!!
You feel drained.
You hit the orc knight. You freeze the orc knight.
The orc knight is lightly wounded.
You slice the troll!! You freeze the troll.
You kill the troll!
The orc knight hits you with a +1 battleaxe of draining.
You feel drained.
You barely miss the orc knight.
The orc knight is lightly wounded.
The orc knight hits you with a +1 battleaxe of draining.
You feel drained.
You barely miss the orc knight.
The orc knight is lightly wounded.
The orc knight hits you with a +1 battleaxe of draining!!
* * * LOW HITPOINT WARNING * * *
You feel drained.
* * * LOW HITPOINT WARNING * * *
You closely miss the orc knight.
The orc knight is lightly wounded.
The orc knight hits you with a +1 battleaxe of draining!
You die...

#........# #........# #
#........# # ###......).# #
#..........# #
#######.########## #
#........8#.....#
##########.####o...#.....#
[..........# #.@[['.._..#
############ #..).#.....# #
#().8#.....# # #[##########
##.# #..# ### ########..#
###'### ..### #........##
#.....# ..'.# #......'.####
#<....####### ..#.#
#......#....###.....'.....#


You could see an orc knight.

Vanquished Creatures
  2 hydras
  4 two-headed ogres
  An ugly thing (D:11)
  A yaktaur (D:11)
  An efreet (D:11)
  A meliai (D:11)
  A troll (D:9)
  A hornet (D:7)
  A slime creature (D:11)
  2 wraiths (D:11)
  9 yaks (D:10)
  2 vampires
  A wyvern (D:8)
  3 vampire mosquitoes (D:7)
  2 wargs (D:10)
  An acid dragon (D:5)
  Pargi (D:3)
  8 orc warriors
  A black bear (D:4)
  2 sky beasts (D:7)
  2 ogres
  3 centaurs
  A phantom (D:7)
  4 kobold brigands
  2 necrophages
  3 bullfrogs
  4 scorpions
  16 wights
  11 killer bees
  8 howler monkeys
  An electric eel (D:11)
  3 hounds
  3 jellies
  A gnoll shaman (D:7)
  7 orc priests
  Ijyb (D:3)
  4 iguanas
  Natasha (thrice) (D:3)
  18 orc wizards
  15 gnolls
  2 adders
  A white imp (D:7)
  A worm (D:3)
  36 orcs
  5 endoplasms
  8 giant cockroaches
  10 goblins
  3 hobgoblins
  7 jackals
  3 quokkas
  8 ball pythons
  6 bats
  2 frilled lizards (D:3)
  23 kobolds
  2 rats
272 creatures vanquished.

Vanquished Creatures (others)
  An orc wizard (D:7)
1 creature vanquished.

Grand Total: 273 creatures vanquished

Notes
Turn   | Place    | Note
-------+----------+-------------------------------------------
     0 | D:1      | Leibowitz the Demigod Fighter began the quest for the Orb.
     0 | D:1      | Reached XP level 1. HP: 18/18 MP: 3/3
   441 | D:1      | Reached XP level 2. HP: 12/25 MP: 4/4
   727 | D:1      | Reached skill level 2 in Axes
  1540 | D:2      | Reached XP level 3. HP: 26/31 MP: 5/5
  2231 | D:3      | Noticed a cacodemon
  2234 | D:3      | Noticed an orange demon
  2234 | D:3      | Noticed a ynoxinul
  2411 | D:3      | Noticed Ijyb
  2421 | D:3      | Killed Ijyb
  2422 | D:3      | Reached skill level 1 in Dodging
  2422 | D:3      | Reached XP level 4. HP: 23/38 MP: 6/6
  2592 | D:3      | Reached skill level 3 in Axes
  2862 | D:3      | Noticed Natasha
  2870 | D:3      | Killed Natasha
  3019 | D:3      | Noticed Pargi
  3039 | D:3      | Killed Pargi
  3040 | D:3      | Reached XP level 5. HP: 39/45 MP: 7/7
  3098 | D:3      | Noticed Natasha
  3110 | D:3      | Killed Natasha
  3111 | D:3      | Reached skill level 4 in Axes
  3182 | D:3      | Noticed Natasha
  3195 | D:3      | Killed Natasha
  3434 | D:4      | Reached XP level 6. HP: 47/51 MP: 8/8
  3687 | D:4      | Reached skill level 5 in Axes
  3929 | D:4      | Reached XP level 7. HP: 58/58 MP: 9/9
  4365 | D:5      | Entered Level 5 of the Dungeon
  4549 | D:5      | Reached skill level 6 in Axes
  5658 | D:6      | Reached XP level 8. HP: 37/67 MP: 10/10
  6125 | D:6      | Reached skill level 7 in Axes
  6125 | D:6      | Reached skill level 5 in Armour
  6321 | D:6      | Found Yharutukk's Antique Armour Shoppe.
  6574 | D:6      | Found a staircase to the Ecumenical Temple.
  6583 | Temple   | Entered the Ecumenical Temple
  7503 | D:7      | Reached skill level 5 in Fighting
  7503 | D:7      | Reached skill level 8 in Axes
  7679 | D:7      | Noticed a hornet
  7685 | D:7      | Paralysed by a hornet for 1 turns
  7696 | D:7      | Paralysed by a hornet for 2 turns
  7704 | D:7      | Killed a hornet
  7705 | D:7      | Reached XP level 9. HP: 9/74 MP: 11/11
  8355 | D:7      | Reached skill level 9 in Axes
  9378 | D:8      | Reached skill level 10 in Axes
  9743 | D:8      | Found a runed translucent gate.
  9743 | D:8      | Found a runed translucent gate.
  9743 | D:8      | Found a runed translucent gate.
  9743 | D:8      | Noticed Zigma's ghost (journeyman OpTm)
  9743 | D:8      | Noticed Majang's ghost (novice TeGl)
  9744 | D:8      | Noticed LetschGu's ghost (novice SpAK)
  9744 | D:8      | Noticed flestrin's ghost (journeyman TeCj)
  9744 | D:8      | Noticed Sekuso's ghost (novice FoAr)
 10071 | D:9      | Noticed a two-headed ogre
 10079 | D:9      | Killed a two-headed ogre
 10080 | D:9      | Reached XP level 10. HP: 60/83 MP: 13/13
 10236 | D:9      | Found a staircase to the Orcish Mines.
 10930 | D:9      | Identified the +10 mace "Xikkiqo" {speed, rElec Str-5 Dex+2
                  | Stlth+}
 11245 | D:10     | Entered Level 10 of the Dungeon
 11304 | D:10     | Reached skill level 11 in Axes
 11451 | D:10     | Found a staircase to the Lair.
 11453 | D:10     | Reached skill level 5 in Dodging
 11889 | D:10     | Noticed a seven-headed hydra
 11895 | D:10     | Killed a ten-headed hydra
 12463 | D:10     | Found Zemmuw's Jewellery Shoppe.
 12631 | D:11     | Noticed a two-headed ogre
 12637 | D:11     | Killed a two-headed ogre
 12638 | D:11     | Reached XP level 11. HP: 92/92 MP: 10/14
 12679 | D:11     | Reached skill level 12 in Axes
 12741 | D:11     | Noticed a two-headed ogre
 12750 | D:11     | Killed a two-headed ogre
 13057 | D:11     | Noticed a two-headed ogre
 13072 | D:11     | Killed a two-headed ogre
 13519 | D:11     | Found a runed translucent gate.
 13519 | D:11     | Found a runed translucent gate.
 13519 | D:11     | Found a runed translucent gate.
 13521 | D:11     | Noticed a glowing orange brain
 13620 | D:11     | Noticed a seven-headed hydra
 13635 | D:11     | Killed a one-headed hydra
 14024 | D:11     | Noticed a five-headed hydra
 14031 | D:11     | Noticed a boulder beetle
 14031 | D:11     | Noticed an orb spider
 14031 | D:11     | Noticed a tengu warrior
 14043 | D:11     | Noticed a two-headed ogre
 14043 | D:11     | an orb spider changed into a two-headed ogre
 14415 | Orc:1    | Entered Level 1 of the Orcish Mines
 14415 | Orc:1    | Noticed an orc knight
 14428 | D:9      | Slain by an orc knight

Illustrated notes

Levels and vault maps discovered:
D:1:      elethiomel_arrival_infinity_welcomes_careful_drivers, layout_basic,
          minmay_misc_feat_four_crosses, chequers_jeans,
          chequers_serial_rivers_micro_e
D:2:      layout_basic, serial_curves, eino_curves_01, eino_curves_01,
          eino_curves_03, eino_curves_02, basic_altar, minmay_misc_feat_columns,
          chequers_serial_rivers_large_a
D:3:      layout_basic, makhleb_altar_promises_db, minivault_25,
          kennysheep_generic_room_3, uniq_pargi, uniq_ijyb, uniq_natasha
D:4:      layout_basic
D:5:      layout_basic
D:6:      layout_layer_cave, minmay_temple_entry_mist, serial_shops,
          nicolae_shop_advertising_works [nicolae_subvault_shop_adworks]
D:7:      layout_loops_ring
D:8:      layout_gridville, gammafunk_ghost_cemetery
D:9:      layout_roguey, minmay_orc_entry_temple_small, serial_glass,
          glass_columns_c, glass_columns_a
D:10:     layout_grid_maze, erik_lair_orcish_takeover,
          minmay_shop_enchanted_jewellery
D:11:     minmay_tearing_corner, layout_gridville,
          ploomutoo_gammafunk_ghost_potion_laboratory, minmay_crystal_water
Temple:   mainiacjoe_temple_trianglar_array
Orc:1:    layout_diamond_mine, basic_altar

Skill      XL: |  1  2  3  4  5  6  7  8  9 10 11 |
---------------+----------------------------------+-----
Axes           | 2 3 4 5 6 8 10 11 12 | 12.7
Armour         | 3 4 5 6 7 8 |  8.4
Fighting       | 3 4 5 6 7 |  7.7
Dodging        | 1 2 3 4 5 |  5.8
Long Blades    | |  0.4
Shields        | |  2.6

Action                   |  1- 3 |  4- 6 |  7- 9 | 10-12 || total
-------------------------+-------+-------+-------+-------++-------
Melee: War axe           |   109 |   135 |   159 |       ||   403
       Battleaxe         |       |       |   217 |   203 ||   420
       Scimitar          |       |       |       |    12 ||    12
Evoke: Wand              |       |       |       |     2 ||     2
  Use: Potion            |       |     1 |     3 |     7 ||    11
Armor: Scale mail        |    73 |   136 |    10 |       ||   219
       Plate armour      |       |       |   283 |   236 ||   519
       Skin              |       |       |       |    12 ||    12
Dodge: Dodged            |    71 |   121 |   151 |   135 ||   478

Table legend: (Time is in decaauts)
 A = Elapsed time spent in this place.
 B = Non-inter-level travel time spent in this place.
 C = Inter-level travel time spent in this place.
 D = Time resting spent in this place.
 E = Time spent auto-exploring this place.
 F = Levels seen in this place.
 G = Mean time per level.
                   A        B        C        D        E       F      G
               +--------+--------+--------+--------+--------+-----+--------+
         Total |  14656 |  14218 |    438 |   1773 |  10113 |  13 | 1127.4 |
       Dungeon |  14276 |  13849 |    427 |   1773 |   9754 |  11 | 1297.8 |
        Temple |    373 |    363 |     10 |      0 |    359 |   1 |  373.0 |
  Orcish Mines |      6 |      6 |      0 |      0 |      0 |   1 |    6.0 |
               +--------+--------+--------+--------+--------+-----+--------+

Top non-repeatable levels by time:
    D:10: 1726 daAuts
     D:8: 1574 daAuts
     D:6: 1525 daAuts
    D:11: 1430 daAuts
     D:3: 1398 daAuts
     D:7: 1395 daAuts
     D:5: 1239 daAuts
     D:1: 1188 daAuts
     D:4: 969 daAuts
     D:2: 925 daAuts
     D:9: 901 daAuts
  Temple: 373 daAuts
   Orc:1: 6 daAuts
